 Dungeon Crawl Stone Soup version 0.22-a0-448-g1fb7470 (webtiles) character file.

152823 galech the Warrior (level 17, -2/191 HPs)
             Began as an Ogre Berserker on June 4, 2018.
             Was the Champion of Trog.
             Hit by a javelin of penetration thrown by a merfolk javelineer (7 damage)
             ... on level 4 of the Shoals.
             The game lasted 01:05:52 (32289 turns).

galech the Warrior (Ogre Berserker)                Turns: 32289, Time: 01:05:52

Health: -2/191     AC: 17    Str: 36    XL:     17   Next: 59%
Magic:  0/26       EV: 14    Int:  7    God:    Trog [******]
Gold:   495        SH: 32    Dex:  9    Spells: 16/16 levels left

rFire    . . .     SeeInvis .   R - +7 flail (protect)
rCold    + + .     Gourm    .   F - +10 large shield of Ignorance {rN+ Int-4}
rNeg     + + .     Faith    .   O - +0 acid dragon scales
rPois    +         Spirit   +   a - +2 hat
rElec    +         Reflect  .   C - +5 cloak of the Bard {rElec rPois rC- Dex+3}
rCorr    +         Harm     .   (gloves unavailable)
MR       ++++.                  (boots unavailable)
Stlth    ++........             j - amulet "Bowaed" {Spirit *Slow rC+ Int+3}
HPRegen  1.41/turn              S - ring "Vejeisukh" {rC++ rN+ MR+ MP+9 Dex-2}
MPRegen  0.20/turn              U - +6 ring of strength

@: berserk cooldown, very slightly contaminated, regenerating, slowed, studying
Armour, invisible, very slow
A: large, unfitting armour, tough skin 1
a: Berserk, Trog's Hand, Brothers in Arms, Renounce Religion


You were on level 4 of the Shoals.
You worshipped Trog.
Trog was exalted by your worship.
You were near starving.

You visited 4 branches of the dungeon, and saw 27 of its levels.
You also visited: Labyrinth and Ice Cave.

You collected 2596 gold pieces.
You spent 2101 gold pieces at shops.

Inventory:

Hand Weapons
 s - a +3 mace of freezing
 z - a +5 morningstar of protection
 R - a +7 flail of protection (weapon)
Armour
 a - a +2 hat (worn)
 B - the +1 robe of Forking Paths {rElec rPois MR+ Str-4 SInv}
   (You found it on level 3 of the Shoals)

   It affects your strength (-4).
   It insulates you from electricity.
   It protects you from poison.
   It affects your resistance to hostile enchantments.
   It lets you see invisible.
 C - the +5 cloak of the Bard (worn) {rElec rPois rC- Dex+3}
   (You found it on level 2 of the Lair of Beasts)

   It affects your dexterity (+3).
   It makes you vulnerable to cold.
   It insulates you from electricity.
   It protects you from poison.
 F - the +10 large shield of Ignorance (worn) {rN+ Int-4}
   (You found it on level 3 of the Lair of Beasts)

   It affects your intelligence (-4).
   It protects you from negative energy.
 O - +0 acid dragon scales (worn)
Jewellery
 j - the amulet "Bowaed" (around neck) {Spirit *Slow rC+ Int+3}
   (You acquired it on level 10 of the Dungeon)

   [amulet of guardian spirit]

   It causes incoming damage to be split between your health and magic.
   It affects your intelligence (+3).
   It protects you from cold.
   It may slow you when you take damage.
 m - an uncursed ring of protection from magic
 q - an uncursed ring of magical power
 r - an uncursed ring of protection from fire
 G - a +4 ring of intelligence
 H - the ring of the Mage {Wiz MR++ Int+3}
   (You found it on level 4 of the Lair of Beasts)

   [ring of wizardry]

   It improves your spell success rate.
   It affects your intelligence (+3).
   It affects your resistance to hostile enchantments.
 L - an uncursed ring of protection from fire
 S - the ring "Vejeisukh" (left hand) {rC++ rN+ MR+ MP+9 Dex-2}
   (You found it in a labyrinth)

   [ring of protection from magic]

   It affects your dexterity (-2).
   It greatly protects you from cold.
   It protects you from negative energy.
   It affects your resistance to hostile enchantments.
   It affects your magic capacity (+9).
 U - a +6 ring of strength (right hand)
 X - the ring of Aqevuch {Str+2 SInv}
   (You found it in a labyrinth)

   [ring of see invisible]

   It affects your strength (+2).
   It lets you see invisible.
Wands
 N - a wand of paralysis (14)
Scrolls
 e - 4 scrolls of fear
 f - 11 scrolls of remove curse
 k - 5 scrolls of identify
 n - a scroll of fog
 o - 3 scrolls of noise
 p - 3 scrolls of magic mapping
 t - 3 scrolls of blinking
 u - 5 scrolls of immolation
 y - a scroll of summoning
 I - 14 scrolls of teleportation
 M - 6 scrolls of enchant armour
 Q - 3 scrolls of torment
Potions
 b - 8 potions of haste
 d - 14 potions of curing
 g - 2 potions of lignification
 h - 5 potions of might
 i - 3 potions of heal wounds
 l - 9 potions of mutation
 v - 3 potions of degeneration
 x - a potion of resistance
 A - 4 potions of magic
 D - a potion of agility
 E - a potion of flight
 K - 6 potions of brilliance
Books
 w - a manual of Armour
Comestibles
 c - 41 rations
 P - 2 chunks of flesh


   Skills:
 + Level 17.1 Fighting
 + Level 15.5 Maces & Flails
 + Level 6.8 Armour
 + Level 12.6 Dodging
 + Level 4.9 Stealth
 + Level 13.9 Shields


You had 16 spell levels left.
You didn't know any spells.
Your spell library was empty.

Dungeon Overview and Level Annotations

Branches:
Dungeon (15/15)            Temple (0/1) D:6            Lair (6/6) D:8
 Shoals (4/4) Lair:3       Spider (0/4) Lair:3        Slime (0/5) Lair:5
    Orc (2/2) D:12            Elf (0/3) Orc:2        Vaults (0/5) D:13
 Depths (0/5) D:15

Altars:
Ashenzari
Elyvilon
Fedhas
Gozag
Ru
Trog
Wu Jian
Xom
The Shining One

Shops:
D:11 :}   Orc:2 [(:*   Shoals:3 =

Portals:
Trove: D:11 (give 12 potions of heal wounds)

Annotations:
Shoals:4 Ilsuiw


Innate Abilities, Weirdness & Mutations

You are too large for most types of armour.
You have tough skin. (AC +1)


Message History

As you read the scroll of teleportation, it crumbles to dust.
You feel strangely unstable.
Your surroundings suddenly seem different.
Found 22 bolts.
A snapping turtle comes into view.
Your skin crawls.
You feel resistant to hostile enchantments.
You are near starving!
Some of the chunks of flesh in your inventory have rotted away.
You enter the shallow water.
Moving in this stuff is going to be slow. ...and don't expect to remain undetected.
The merfolk javelineer shouts!
The merfolk javelineer throws a javelin of penetration.
The javelin of penetration pierces through you!
* * * LOW HITPOINT WARNING * * *
You hear a splash.
The merfolk javelineer throws a javelin of penetration.
The javelin of penetration pierces through you!
You die...

≈≈≈≈......≈≈≈≈≈
≈≈≈≈......≈≈≈≈≈
≈≈≈≈......≈≈≈≈≈
≈≈≈≈......≈≈≈≈≈
≈≈≈≈m....t≈≈≈≈≈
≈≈≈≈≈....≈≈≈≈≈≈
≈≈≈≈≈≈...≈≈≈≈≈≈
≈≈≈≈≈≈..≈≈≈≈≈≈≈
≈≈≈≈≈≈≈@≈≈≈####
≈≈≈≈≈≈≈≈≈≈#≈≈≈≈
≈≈≈≈≈≈≈≈(#≈#≈≈≈
≈≈≈≈≈≈≈≈#(#≈≈ #
≈≈≈≈≈≈≈≈#≈≈≈≈#
≈≈≈≈≈≈≈≈#≈≈≈##
≈≈≈≈≈≈≈≈#≈≈#≈
≈≈≈≈≈≈≈≈# ≈≈≈≈
#≈≈≈..


You could see a merfolk javelineer and a snapping turtle (wandering).

Vanquished Creatures
  Rupert (D:13)
  Polyphemus (Shoals:3)
  Gastronok (Lair:1)
  A kraken (Shoals:1)
  Kirke (D:14)
  2 stone giants (Orc:2)
  A minotaur (Lab)
  Snorg (D:14)
  3 merfolk javelineers (Shoals:3)
  3 ettins (Orc:2)
  The ghost of derrymb the Protected, a journeyman DDFi of Makhleb (Lair:1)
  An ice dragon (D:15)
  A yaktaur captain (D:13)
  A fire dragon (D:15)
  10 hydras
  2 merfolk avatars
  Erica (D:10)
  A centaur warrior (D:14)
  4 catoblepae
  4 merfolk aquamancers (Shoals:4)
  An ogre mage (D:15)
  An alligator snapping turtle (Shoals:3)
  3 tengu warriors
  18 death yaks
  2 satyrs (Shoals:3)
  9 two-headed ogres
  3 skeletal warriors (D:14)
  A sixfirhy (D:7)
  13 sea snakes
  3 unseen horrors
  A necromancer (IceCv)
  Pikel (D:8)
  15 harpies
  2 oklob plants
  2 orc sorcerers
  12 cyclopes
  12 manticores
  An orc knight (D:15)
  9 fauns
  4 merfolk sirens
  An ugly thing (D:11)
  2 black mambas (Lair:6)
  3 elephants (Lair:6)
  7 spiny frogs
  5 water nymphs
  3 ice statues (IceCv)
  A torpor snail (Lair:6)
  4 komodo dragons
  The ghost of ThisFiasco the Jinx, a novice SpEn (D:6)
  A minotaur zombie (Lab)
  An efreet (D:13)
  A kobold demonologist (D:13)
  5 ice devils (IceCv)
  6 rime drakes
  3 centaur skeletons
  2 yaktaurs (D:13)
  A jumping spider (Lair:3)
  9 trolls
  2 tengu conjurers (D:15)
  4 wind drakes
  19 merfolk
  3 meliai (D:14)
  Prince Ribbit (D:7)
  17 blink frogs
  13 dream sheep
  19 hippogriffs
  8 snapping turtles
  6 slime creatures
  A vampire (D:14)
  5 hogs
  5 water elementals
  7 wyverns
  A wraith (D:11)
  72 yaks
  Grum (D:9)
  8 basilisks
  A hungry ghost (D:8)
  A human (D:9)
  4 vampire mosquitoes (D:14)
  A warg (Orc:1)
  An acid dragon (D:8)
  A soldier ant (D:15)
  11 water moccasins
  7 porcupines
  Duvessa (D:5)
  A slave (D:8)
  15 orc warriors
  2 black bears
  13 ice beasts
  3 sky beasts
  3 phantoms
  14 centaurs
  6 wolves
  16 ogres
  9 crocodiles
  Blork the orc (D:6)
  16 bullfrogs
  2 big kobolds
  2 gnoll sergeants
  5 scorpions
  Dowan (D:5)
  A water moccasin skeleton (D:8)
  15 wights
  2 howler monkeys
  2 bullfrog zombies
  5 crimson imps
  A quasit (D:10)
  6 centaur zombies
  4 jellies
  22 orc wizards
  9 hounds
  3 bullfrog skeletons
  18 orc priests
  Crazy Yiuf (D:6)
  6 iguanas
  9 worker ants
  2 hell rats (Lair:2)
  2 troll simulacra (IceCv)
  2 centaur simulacra (IceCv)
  2 hound zombies
  A hound skeleton (D:10)
  A worker ant zombie (D:6)
  14 gnolls
  A howler monkey skeleton (D:4)
  9 adders
  3 ogre simulacra (IceCv)
  6 river rats (Lair:2)
  3 naga simulacra (IceCv)
  6 shadow imps
  An ooze (D:2)
  An adder zombie (D:6)
  An adder skeleton (D:5)
  4 worms
  5 dart slugs
  4 leopard geckos
  72 orcs
  A ball python (D:1)
  6 giant cockroaches
  9 goblins
  12 hobgoblins
  17 jackals
  5 quokkas
  12 bats
  4 frilled lizards
  25 kobolds
  A leopard gecko skeleton (D:4)
  7 rats
  A bush (Lair:4)
  2 fungi
  A plant (Lair:6)
  3 tentacles (Shoals:1)
889 creatures vanquished.

Vanquished Creatures (others)
  A merfolk javelineer (Shoals:4)
  A hydra (D:14)
  A slave (D:8)
  A phantom (D:8)
  An adder zombie (D:8)
  3 orcs (D:8)
  A quokka (D:6)
  19 fungi
  15 plants
  9 tentacles (Shoals:1)
52 creatures vanquished.

Grand Total: 941 creatures vanquished

Notes
Turn   | Place    | Note
-------+----------+-------------------------------------------
     0 | D:1      | galech the Ogre Berserker began the quest for the Orb.
     0 | D:1      | Reached XP level 1. HP: 24/24 MP: 1/1
    52 | D:1      | Reached XP level 2. HP: 4/32 MP: 2/2
   475 | D:1      | Reached XP level 3. HP: 30/40 MP: 3/3
  1164 | D:2      | Reached ** piety under Trog
  1423 | D:2      | Reached XP level 4. HP: 40/49 MP: 4/4
  1932 | D:2      | Reached skill level 5 in Fighting
  2167 | D:2      | Found an opulent altar of Gozag.
  2279 | D:3      | Reached XP level 5. HP: 57/57 MP: 5/5
  2341 | D:3      | Reached *** piety under Trog
  2881 | D:4      | Noticed a phantom
  2909 | D:3      | Reached XP level 6. HP: 27/66 MP: 6/6
  3124 | D:4      | Killed a phantom
  3287 | D:4      | Found an ornate altar of the Wu Jian Council.
  3348 | D:4      | Reached skill level 6 in Fighting
  3348 | D:4      | Reached XP level 7. HP: 56/75 MP: 7/7
  3572 | D:4      | Found a blossoming altar of Fedhas.
  3580 | D:4      | Reached skill level 5 in Maces & Flails
  4034 | D:5      | Entered Level 5 of the Dungeon
  4044 | D:5      | Reached skill level 1 in Stealth
  4215 | D:5      | Noticed Dowan
  4216 | D:5      | Noticed Duvessa
  4224 | D:5      | Killed Dowan
  4233 | D:5      | Killed Duvessa
  4598 | D:5      | Reached skill level 5 in Dodging
  4650 | D:5      | Found a sacrificial altar of Ru.
  4660 | D:5      | Reached XP level 8. HP: 70/84 MP: 8/8
  5519 | D:6      | Reached skill level 7 in Fighting
  5531 | D:6      | Found a staircase to the Ecumenical Temple.
  5613 | D:6      | Noticed ThisFiasco's ghost (novice SpEn)
  5714 | D:6      | Killed ThisFiasco's ghost
  5714 | D:6      | Reached **** piety under Trog
  5782 | D:6      | Found a white marble altar of Elyvilon.
  5789 | D:6      | Noticed Blork the orc
  5821 | D:6      | Killed Blork the orc
  5821 | D:6      | Reached XP level 9. HP: 69/96 MP: 9/9
  6051 | D:6      | Reached skill level 8 in Fighting
  6255 | D:6      | Found a runed door.
  6259 | D:6      | Noticed Crazy Yiuf
  6269 | D:6      | Killed Crazy Yiuf
  6841 | D:7      | Noticed a sixfirhy
  6856 | D:7      | You fall through a shaft!
  6864 | D:8      | Noticed a troll
  7091 | D:9      | Killed a troll
  7551 | D:7      | Noticed Prince Ribbit
  7567 | D:7      | Killed Prince Ribbit
  7803 | D:7      | Found a runed door.
  8146 | D:8      | Noticed Pikel
  8165 | D:8      | Reached skill level 9 in Fighting
  8165 | D:8      | Reached XP level 10. HP: 69/107 MP: 10/10
  8172 | D:8      | Killed Pikel
  8473 | D:8      | Noticed a two-headed ogre
  8492 | D:8      | Killed a two-headed ogre
  8492 | D:8      | Reached skill level 10 in Maces & Flails
  8867 | D:8      | Reached ***** piety under Trog
  9098 | D:8      | Reached skill level 10 in Fighting
  9110 | D:8      | Found a staircase to the Lair.
  9433 | D:7      | Killed a sixfirhy
  9536 | D:9      | Found a shimmering altar of Xom.
  9687 | D:9      | Reached skill level 1 in Armour
  9720 | D:9      | Reached XP level 11. HP: 119/119 MP: 11/11
  9903 | D:9      | Noticed Grum
  9934 | D:9      | Killed Grum
 10140 | D:9      | Noticed a two-headed ogre
 10156 | D:9      | HP: 6/178 [two-headed ogre/giant spiked club (10)]
 10157 | D:9      | Killed a two-headed ogre
 10427 | D:9      | Reached skill level 11 in Fighting
 10546 | D:9      | Found a sacrificial altar of Ru.
 10552 | D:9      | Found a shattered altar of Ashenzari.
 10751 | D:10     | Entered Level 10 of the Dungeon
 10877 | Lair:1   | Entered Level 1 of the Lair of Beasts
 11020 | Lair:1   | Noticed derrymb's ghost (journeyman DDFi)
 11045 | Lair:1   | Killed derrymb's ghost
 11188 | Lair:1   | Found a labyrinth entrance.
 11193 | Lab      | Entered a labyrinth
 11260 | Lab      | Noticed a minotaur
 11552 | Lab      | Killed a minotaur
 11579 | Lab      | Got a crude bronze ring
 11579 | Lab      | Got a steaming lapis lazuli ring
 11796 | Lab      | Identified the ring "Vejeisukh" {rC++ rN+ MR+ MP+9 Dex-2} (You found it in a labyrinth)
 11798 | Lab      | Identified the ring of Aqevuch {Str+2 SInv} (You found it in a labyrinth)
 12053 | D:10     | Noticed a cyclops
 12062 | D:10     | Killed a cyclops
 12135 | D:10     | Noticed a two-headed ogre
 12136 | D:10     | Noticed Erica
 12253 | D:10     | Noticed an unseen horror
 12267 | D:10     | Killed an unseen horror
 12315 | D:10     | Killed Erica
 12315 | D:10     | Reached XP level 12. HP: 132/132 MP: 12/12
 12363 | D:10     | Noticed a two-headed ogre
 12377 | D:10     | Killed a two-headed ogre
 12377 | D:10     | Reached skill level 12 in Fighting
 12514 | D:10     | Identified a scroll of acquirement
 12523 | D:10     | Got a smoking ivory amulet
 12525 | D:10     | Identified the amulet "Bowaed" {Spirit *Slow rC+ Int+3} (You acquired it on level 10 of the Dungeon)
 12616 | D:10     | Killed a two-headed ogre
 13258 | D:11     | Found Vuveoxkodu's Gadget Boutique.
 13581 | D:11     | Found Zafovvi's Book Shop.
 13640 | D:11     | Found a portal to a secret trove of treasure.
 14076 | Lair:1   | Noticed Gastronok
 14098 | Lair:1   | Killed Gastronok
 14730 | Lair:2   | Got a brightly glowing cloak
 14741 | Lair:2   | Identified the +5 cloak of the Bard {rElec rPois rC- Dex+3} (You found it on level 2 of the Lair of Beasts)
 14811 | Lair:2   | Reached skill level 13 in Fighting
 15083 | Lair:2   | Reached skill level 5 in Armour
 15238 | Lair:2   | Reached XP level 13. HP: 135/144 MP: 13/13
 15530 | Lair:3   | Found the +10 large shield of Ignorance {rN+ Int-4}
 15714 | Lair:3   | Found a staircase to the Shoals.
 16320 | Lair:3   | Found a hole to the Spider Nest.
 17197 | Lair:4   | Reached skill level 14 in Fighting
 17500 | Lair:3   | Reached ****** piety under Trog
 17530 | Lair:3   | Reached skill level 1 in Shields
 17734 | Lair:4   | Reached skill level 10 in Dodging
 18078 | Lair:4   | Found the ring of the Mage {Wiz MR++ Int+3}
 19011 | Lair:5   | Found a staircase to the Slime Pits.
 19144 | Lair:5   | Received a gift from Trog
 19434 | Lair:6   | Entered Level 6 of the Lair of Beasts
 19443 | Lair:6   | Reached XP level 14. HP: 122/157 MP: 14/14
 19796 | Lair:6   | Reached skill level 5 in Shields
 20938 | Lair:6   | Received a gift from Trog
 21497 | Lair:6   | Reached XP level 15. HP: 156/165 MP: 15/15
 22061 | D:12     | Reached skill level 15 in Fighting
 22118 | D:12     | Found a staircase to the Orcish Mines.
 22183 | Orc:1    | Entered Level 1 of the Orcish Mines
 22320 | Orc:1    | Received a gift from Trog
 23087 | Orc:1    | Found a bloodstained altar of Trog.
 23254 | Orc:2    | Entered Level 2 of the Orcish Mines
 23437 | Orc:2    | Found Bead's Antique Armour Shop.
 23499 | Orc:2    | Found Duedynof's Book Shoppe.
 23728 | Orc:2    | Found Xatong Xeant's Antique Weapon Boutique.
 23948 | Orc:2    | Found Captallaska's General Store.
 23973 | Orc:2    | Received a gift from Trog
 24025 | Orc:2    | Bought a scroll of enchant armour for 90 gold pieces
 24025 | Orc:2    | Bought a scroll of identify for 24 gold pieces
 24235 | Orc:2    | Found a staircase to the Elven Halls.
 24348 | D:12     | Reached skill level 10 in Shields
 24727 | D:11     | Bought a manual of Armour for 1987 gold pieces
 24871 | D:13     | Noticed Rupert
 24890 | D:13     | Killed Rupert
 24913 | D:13     | Found a gate to the Vaults.
 25086 | D:13     | Found a frozen archway.
 25140 | IceCv    | Entered an ice cave
 25579 | IceCv    | Received a gift from Trog
 26041 | D:14     | Noticed Snorg
 26053 | D:14     | Killed Snorg
 26212 | D:14     | Reached XP level 16. HP: 173/178 MP: 16/16
 26244 | D:14     | Noticed Kirke
 26278 | D:14     | Killed Kirke
 26734 | D:15     | Entered Level 15 of the Dungeon
 26865 | D:15     | Reached skill level 16 in Fighting
 27137 | D:15     | Reached skill level 15 in Maces & Flails
 27398 | D:15     | Found a staircase to the Depths.
 28235 | Shoals:1 | Entered Level 1 of the Shoals
 28670 | Shoals:1 | Noticed a kraken
 28711 | Shoals:1 | Killed a kraken
 29007 | Shoals:1 | Received a gift from Trog
 29450 | Shoals:2 | Found a glowing golden altar of the Shining One.
 29853 | Shoals:3 | Found Naaptof's Jewellery Emporium.
 30019 | Shoals:3 | Reached XP level 17. HP: 146/188 MP: 17/17
 30365 | Shoals:3 | Noticed Polyphemus
 30876 | Shoals:3 | Received a gift from Trog
 31120 | Shoals:3 | Got a heavily jewelled robe
 31164 | Shoals:3 | Killed Polyphemus
 31178 | Shoals:3 | Identified the +1 robe of Forking Paths {rElec rPois MR+ Str-4 SInv} (You found it on level 3 of the Shoals)
 31275 | Shoals:4 | Entered Level 4 of the Shoals
 32036 | Shoals:4 | Reached skill level 17 in Fighting
 32234 | Shoals:4 | Noticed Ilsuiw
 32278 | Shoals:4 | HP: 3/191 [drowned by a water elemental[Ilsuiw] (7)]
 32289 | Shoals:4 | HP: 5/191 [merfolk javelineer/javelin of penetration (13)]
 32289 | Shoals:4 | Hit by a javelin of penetration thrown by a merfolk javelineer

Vault maps used:
D:1:      arrival_zaba_pyramid
D:2:      nicolae_gozag_cash_rules_everything_around_me, roderic_st_hans_cross,
          minmay_split_cup_large
D:4:      kennysheep_mini_moat, fedhas_altar_fruit_tree
D:5:      first_ration, nicolae_ru_great_annihilating_truth, uniq_duvessa
D:6:      elyvilon_altar_4, minmay_temple_entry_grid, serial_glass,
          glass_columns_a, glass_columns_a, uniq_crazy_yiuf_cottage,
          uniq_blork_the_orc
D:7:      cheibrodos_shockbox, uniq_prince_ribbit1
D:8:      erik_lair_dragon, minmay_misc_feat_x, uniq_pikel
D:9:      lemuel_round_altar, amethyst_overflow_temple_binary, grunt_livestock,
          uniq_grum
D:10:     uniq_erica
D:11:     serial_shops, nicolae_shop_trees, shop, nicolae_trove_entry_crystal
D:12:     david_orc_3
D:13:     david_vaults_2, portal_ice_cave_entry_ice_beasts, uniq_rupert
D:14:     patterned_corridor, uniq_kirke, uniq_snorg
D:15:     grunt_enter_depths_hoard, dk_noncrumbling_4
Lair:1:   lab_entry_generic, minmay_holes, uniq_gastronok
Lair:2:   kennysheep_rathole, grunt_megastairs_1
Lair:3:   elwin_shoals_entry_rooms, spider_nest_entry_a, minivault_11,
          grunt_megastairs_5
Lair:4:   special_room, serial_bayou_pond_a, minmay_lair_oklob_bushes,
          serial_bayou_crossing, infiniplex_staircase_pool
Lair:5:   minmay_slime_entry_pillars
Lair:6:   evilmike_catoblepas_cave, lemuel_another_geyser
Shoals:1: dpeg_stationary_puzzle
Shoals:2: lemuel_centaur_altar
Shoals:3: serial_shops, shop, nicolae_shoals_arrival_archipelago,
          uniq_polyphemus
Shoals:4: shoals_end_hangedman, shoals_ilsuiw_alternative
Orc:1:    bloody_trog
Orc:2:    grunt_orc_gardens, grunt_orc_garden, grunt_orc_garden,
          grunt_orc_garden, grunt_orc_garden
Lab:      labyrinth_hidden_loot
IceCv:    ice_cave_tombish

Skill      XL: |  1  2  3  4  5  6  7  8  9 10 11 12 13 14 15 16 17 |
---------------+----------------------------------------------------+-----
Maces & Flails | 3 4 5 7 9 10 12 13 14 15 | 15.5
Dodging        | 3 4 5 6 7 8 9 10 11 12 | 12.6
Fighting       | 5 6 7 9 10 11 13 14 15 16 17 | 17.1
Stealth        | 1 2 3 4 |  4.9
Armour         | 1 4 5 6 |  6.8
Shields        | 4 8 10 12 13 | 13.9

Action                   |  1- 3 |  4- 6 |  7- 9 | 10-12 | 13-15 | 16-18 || total
-------------------------+-------+-------+-------+-------+-------+-------++-------
Melee: Mace              |   100 |   214 |   119 |       |       |       ||   433
       Flail             |       |       |   321 |   778 |  1698 |  1158 ||  3955
Invok: Berserk           |       |     1 |     7 |     8 |     8 |     3 ||    27
       Trog's Hand       |       |     1 |     4 |     5 |       |     2 ||    12
  Use: Scroll            |       |     5 |       |    13 |     9 |    12 ||    39
       Potion            |       |       |       |       |       |     3 ||     3
 Stab: Sleeping          |       |     1 |     2 |     1 |     9 |     5 ||    18
       Paralysed         |       |       |     1 |       |       |       ||     1
       Distracted        |       |       |       |       |     1 |       ||     1
       Petrified         |       |       |       |       |       |     3 ||     3
  Eat: Chunk             |     2 |     7 |    25 |    24 |    38 |    20 ||   116
       Ration            |       |       |       |     3 |     2 |     1 ||     6
Armor: Animal skin       |    35 |    66 |    62 |       |       |       ||   163
       Robe              |       |       |    90 |    44 |       |       ||   134
       Acid dragon scale |       |       |       |   342 |   447 |   269 ||  1058
Dodge: Dodged            |    77 |   123 |   256 |   421 |   365 |   296 ||  1538
Block: Large shield      |       |       |       |       |  1863 |  1705 ||  3568

Table legend:
 A = Spawn XP
 B = Non-spawn XP
 C = Spawn XP percentage of total XP
 D = Spawn monster count
 E = Non-spawn monster count
 F = Spawn count percentage of total count
 G = Total turns spent on level
                    A         B        C        D         E        F      G
               +---------+---------+-------+---------+---------+-------+---------
         Total |       0 |  218319 |   0.0 |       0 |     883 |   0.0 | 32289
               +---------+---------+-------+---------+---------+-------+---------
           D:1 |       0 |      52 |   0.0 |       0 |      27 |   0.0 |  1157
           D:2 |       0 |     112 |   0.0 |       0 |      35 |   0.0 |  1115
           D:3 |       0 |     168 |   0.0 |       0 |      20 |   0.0 |   779
           D:4 |       0 |     424 |   0.0 |       0 |      13 |   0.0 |   983
           D:5 |       0 |     623 |   0.0 |       0 |      27 |   0.0 |  1451
           D:6 |       0 |    1225 |   0.0 |       0 |      23 |   0.0 |   938
           D:7 |       0 |    1762 |   0.0 |       0 |      26 |   0.0 |  1092
           D:8 |       0 |    3440 |   0.0 |       0 |      34 |   0.0 |  2010
           D:9 |       0 |    4260 |   0.0 |       0 |      45 |   0.0 |  1868
          D:10 |       0 |    6392 |   0.0 |       0 |      22 |   0.0 |   968
          D:11 |       0 |    2564 |   0.0 |       0 |      34 |   0.0 |   980
          D:12 |       0 |    2855 |   0.0 |       0 |      35 |   0.0 |   979
          D:13 |       0 |   10664 |   0.0 |       0 |      41 |   0.0 |   745
          D:14 |       0 |   16453 |   0.0 |       0 |      41 |   0.0 |   857
          D:15 |       0 |   14314 |   0.0 |       0 |      29 |   0.0 |  1129
        Lair:1 |       0 |    4051 |   0.0 |       0 |       6 |   0.0 |   793
        Lair:2 |       0 |    5859 |   0.0 |       0 |      40 |   0.0 |  1579
        Lair:3 |       0 |   11591 |   0.0 |       0 |      41 |   0.0 |  1764
        Lair:4 |       0 |    8211 |   0.0 |       0 |      25 |   0.0 |  1144
        Lair:5 |       0 |    3536 |   0.0 |       0 |      17 |   0.0 |  1277
        Lair:6 |       0 |   33860 |   0.0 |       0 |      90 |   0.0 |  1836
      Shoals:1 |       0 |   15174 |   0.0 |       0 |      28 |   0.0 |  1021
      Shoals:2 |       0 |    3867 |   0.0 |       0 |      12 |   0.0 |   597
      Shoals:3 |       0 |   27800 |   0.0 |       0 |      41 |   0.0 |  1702
      Shoals:4 |       0 |   18690 |   0.0 |       0 |      40 |   0.0 |   734
         Orc:1 |       0 |    3181 |   0.0 |       0 |      33 |   0.0 |   637
         Orc:2 |       0 |   11666 |   0.0 |       0 |      37 |   0.0 |  1044
           Lab |       0 |    1661 |   0.0 |       0 |       2 |   0.0 |   627
         IceCv |       0 |    3864 |   0.0 |       0 |      19 |   0.0 |   483
               +---------+---------+-------+---------+---------+-------+---------
